 Dungeon Crawl Stone Soup version 0.15.1 (webtiles) character file.

43 Kashira the Fey Cat (level 3, -1/16 HPs)
             Began as a Felid Death Knight on Sept 17, 2014.
             Was a Believer of Yredelemnul.
             Killed from afar by Jessica (8 damage)
             ... with a wand of magic darts
             ... on Level 2 of the Dungeon.
             The game lasted 00:07:45 (2683 turns).

Kashira the Fey Cat (Felid Death Knight)            Turns: 2683, Time: 00:07:46

HP  -1/16        AC  1     Str  9      XL: 3   Next: 37%
MP   7/7         EV 18     Int 12      God: Yredelemnul [**....]
Gold 43          SH  0     Dex 16      Spells:  0 memorised,  2 levels left
Lives: 0, deaths: 0

rFire  . . .     SeeInvis +       - Unarmed
rCold  . . .     Clarity  .     (armour unavailable)
rNeg   . . .     rCorr    .     (shield unavailable)
rPois  .         rRot     .     (helmet unavailable)
rElec  .         Spirit   .     (cloak unavailable)
SustAb .         Warding  .     (gloves unavailable)
rMut   .         Stasis   .     (boots unavailable)
Gourm  .                        (no amulet)
MR     .....                    (no ring)
                                j - ring of stealth

@: quick, not resistant to hostile enchantments, fairly stealthy
A: paw claws, no armour, no weapons or thrown items, fangs 3, see invisible,
carnivore 3, speed 1, shaggy fur 1, slow metabolism 1, jump 1
a: Jump Attack, Animate Remains, Recall Undead Slaves, Injury Mirror, Renounce
Religion


You were on level 2 of the Dungeon.
You worshipped Yredelemnul.
Yredelemnul was pleased with you.
You were not hungry.

You visited 1 branch of the dungeon, and saw 2 of its levels.

You collected 43 gold pieces.

Inventory:

Comestibles
 c - 3 meat rations
 f - a royal jelly
 g - a slice of pizza
Jewellery
 j - a ring of stealth (left paw)
Potions
 a - a potion of mutation {unknown}
 e - a potion of degeneration {unknown}
 h - 2 potions of curing {unknown}
 i - a potion of restore abilities {unknown}


   Skills:
 + Level 2.2 Fighting
 + Level 2.9 Dodging
 * Level 2.4 Unarmed Combat
 + Level 3.5 Invocations


You had 2 spell levels left.
You didn't know any spells.

Dungeon Overview and Level Annotations

Branches:
Dungeon (2/15)

Altars:
Zin

Shops:
D:2 *

Annotations:
D:2 Jessica


Innate Abilities, Weirdness & Mutations

You cannot wear armour.
You are incapable of wielding weapons or throwing items.
Your paws have sharp claws.
You have razor-sharp teeth.
You have supernaturally acute eyesight.
You are carnivorous and can eat meat at any time.
You cover ground quickly.
You are covered in fur (AC +1).
You have a slow metabolism.
You can jump attack at a short distance.


Message History

w - Wait here. f - Follow me.
Anything else - Stay silent.
Gang up on whom?
Press: ? - help, Dir - move target cursor, f - Jessica
Aim: Jessica, wielding a dagger and wearing a robe (resting)
Okay, then.
The helpless Jessica fails to defend herself.
You scratch Jessica but do no damage.
Jessica zaps a wand.
The magic dart hits you!
Ouch! That really hurt!
You swap places.
Jessica zaps a wand.
The magic dart hits your ball python zombie.
Your ball python zombie is destroyed!
Jessica casts a spell.
Jessica blinks!
Jessica grins evilly.
Jessica zaps a wand.
The magic dart hits you!
Ouch! That really hurt!
You die...
Your body rises from the dead as a mindless zombie.

#...Z.........#.Z...
#.######..........##
#.# #......#...##
########.#
###..#.....##
#........#
#..###...##
#.......##
#..........
#.......####
#.......>..
#..###.....#
#####....[.
#.##⌠##.##@# #.#<.##
#..#_#..##.# #.#..##
#.......##.# #.#....
#.......##.# #...#
#...∩...##.# #...#
#......###§# #....
#######.....##
#.########. ##.#..
<........#.##
#.@........ #....)
##########.#
########### ##.###


You could see Jessica.

Vanquished Creatures
  A giant gecko (D:2)
  An ooze (D:1)
  3 ball pythons
  2 giant cockroaches (D:1)
  6 hobgoblins
  3 jackals (D:1)
  9 kobolds
  A giant newt (D:1)
  4 goblins
  7 rats
37 creatures vanquished.

Vanquished Creatures (collateral kills)
  A goblin (D:2)
  2 bats
3 creatures vanquished.

Vanquished Creatures (others)
  A ball python zombie (D:2)
  2 goblin zombies
  2 hobgoblin zombies
  2 jackal zombies (D:1)
  A kobold zombie (D:1)
  2 rat zombies (D:2)
10 creatures vanquished.

Grand Total: 50 creatures vanquished

Notes
Turn   | Place    | Note
--------------------------------------------------------------
     0 | D:1      | Kashira, the Felid Death Knight, began the quest for the Orb.
     0 | D:1      | Reached XP level 1. HP: 9/9 MP: 2/2
   230 | D:1      | Reached skill level 3 in Invocations
   338 | D:1      | Reached XP level 2. HP: 13/13 MP: 4/4
  1602 | D:2      | Reached XP level 3. HP: 13/16 MP: 7/7
  2348 | D:2      | Found Zin's Purification Station.
  2349 | D:2      | Found a glowing silver altar of Zin.
  2371 | D:2      | Acquired Yredelemnul's second power
  2564 | D:2      | Noticed Jessica
  2683 | D:2      | Killed from afar by Jessica

Action                   || total
-------------------------++-------
Melee: Unarmed           ||   121
Invok: Animate Remains   ||    11
 Abil: Jump Attack       ||     4
  Use: Potion            ||     2
       Scroll            ||     1
 Stab: Sleeping          ||     5
  Eat: Chunk             ||     8
